 Dungeon Crawl Stone Soup version 0.31-a0-925-g0a390f2509 (webtiles) character file.

Game seed: 12117927224220342189

1 lunkers the Ruffian (level 1, 0/16 HPs)
             Began as a Meteoran Shapeshifter on Oct 18, 2023.
             Slain by a bat (1 damage)
             ... on level 1 of the Dungeon.
             The game lasted 00:00:08 (122 turns).

lunkers the Ruffian (Meteoran Shapeshifter)          Turns: 122, Time: 00:00:08

Health: 0/16       AC:  2    Str: 15    XL:     1   Next: 28%
Magic:  2/2        EV: 12    Int: 11    God:
Gold:   11         SH:  0    Dex: 13    Spells: 0/0 levels left

rFire   . .          .
                       - Unarmed
rCold   . . .        (no shield)
rNeg    . . .        a - +0 animal skin
rPois   .            (helmet currently unavailable)
rElec   .            (cloak currently unavailable)
rCorr   .            (gloves currently unavailable)
SInv    .            (boots currently unavailable)
Will    .....        (no amulet)
Stlth   +            (no ring)
HPRegen 0.22/turn    (no ring)
MPRegen 0.08/turn

%: no passive effects
@: beast-form, glowing
A: beast (slay +2), sense surroundings 1, otherworldly, glowing, explore regen
a: Begin Untransformation


You were on level 1 of the Dungeon.
You were a hulking beast.
You visited 1 branch of the dungeon, and saw 1 of its levels.

You collected 11 gold pieces.

Inventory:

Armour
 a - a +0 animal skin (worn)
Talismans
 c - a beast talisman (active)
 d - a flux talisman
Scrolls
 e - a scroll of poison {unknown}
 f - a scroll of blinking {unknown}
Potions
 b - a potion of lignification


   Skills:
 - Level 1.1 Fighting
 - Level 2.1 Dodging
 * Level 3.7 Unarmed Combat
 + Level 3.6 Shapeshifting


You couldn't memorise any spells.
You didn't know any spells.
Your spell library was empty.

Dungeon Overview and Level Annotations

Branches:
Dungeon (1/15) Zot: 477

Altars:


Innate Abilities, Weirdness & Mutations

You are a hulking beast.
Your limbs bulge with bestial killing power. (Slay +2)
You passively map a small area around you.
You are easily found by Zot.
You glow in the dark.
You regain HP and MP as you explore.


Message History

The ball python grabs you. The ball python constricts you.
A ball python is nearby!
You punch the ball python!
You kill the ball python!
Key pressed, stopping explore.
No target in view!
No target in view!
You see here a ball python corpse.
You now have 11 gold pieces.
Found a flux talisman.
No target in view!
You see here a flux talisman.
Found a stone staircase leading down.
No target in view!
No target in view!
No target in view!
You open the door.
Found 6 stones.
No target in view!
A bat comes into view.
There is an open door here.
A gnoll comes into view. It is wielding a +0 whip.
Found a stone.
The gnoll shouts!
The bat closely misses you.
There are monsters nearby!
You hit the bat but do no damage. The bat closely misses you.
You closely miss the bat. The bat hits you.
The bat hits you but does no damage.
You see here 14 gold pieces.
The bat hits you but does no damage.
You closely miss the gnoll. The gnoll hits you with a +0 whip.
You closely miss the gnoll. The bat hits you.
The gnoll hits you with a +0 whip!
Ouch! That really hurt!
* * * LOW HITPOINT WARNING * * *
You hit the gnoll.
The gnoll is lightly wounded.
The bat hits you.
You die...

##.##..# *#+#* #.###.#
.......# ##...## #.#
#.# ♣♣.♣♣..# ##...(.##
#.###.#. ♣♣.♣♣ ♣.#
##.......## ##.......
♣∩.∩♣♣♣*.⌠
*#.......(.###.....###
.....∩♣♣,,
,+.........+.......#
.♣♣♣..∩♣
#.........###.....#
..<...∩♣ #.bg....#*
#.#...# .♣♣♣..∩♣*
#.h...#* #.###.# ,
..∩♣♣ * ##$..##
#.###.# ∩∩♣.♣*, ##'##
#.....# ♣♣♣ .. #.#
#####.# ..#
######.##### #.# , ..#
#..........# #.# ..#*
#.###.>.##.# #.# * ,
,*#.....#.#######.#
**##...##%........#


You could see a gnoll and a bat.

Vanquished Creatures
  A ball python (D:1)
  A kobold (D:1)
2 creatures vanquished.

Notes
Turn   | Place    | Note
-------+----------+-------------------------------------------
     0 | D:1      | lunkers the Meteoran Shapeshifter began the quest for the
                  | Orb.
     0 | D:1      | Reached XP level 1. HP: 16/16 MP: 2/2
   122 | D:1      | Slain by a bat

Illustrated notes

Levels and vault maps discovered:
D:1:      heliophobic_arrival_henge, layout_loops_corners,
          shapermc_ecumenical_altar_mp_ritualfount

Action                     || total
---------------------------++-------
  Melee: Unarmed           ||     7
 Armour: Animal skin       ||     8
  Dodge: Dodged            ||     3

Table legend: (Time is in decaauts)
 A = Elapsed time spent in this place.
 B = Non-inter-level travel time spent in this place.
 C = Inter-level travel time spent in this place.
 D = Time resting spent in this place.
 E = Time spent auto-exploring this place.
 F = Levels seen in this place.
 G = Mean time per level.
                   A        B        C        D        E       F      G
               +--------+--------+--------+--------+--------+-----+--------+
         Total |    121 |    121 |      0 |      0 |    102 |   1 |  121.0 |
       Dungeon |    121 |    121 |      0 |      0 |    102 |   1 |  121.0 |
               +--------+--------+--------+--------+--------+-----+--------+

Top non-repeatable levels by time:
     D:1: 121 daAuts
